 Dungeon Crawl Stone Soup version 0.28.0-53-g5a82cb258f (webtiles) character file.

Game seed: 16759664151986483684

313 quokkamancerX the Cleaver (level 6, -1/51 HPs)
             Began as a Hill Orc Fighter on June 5, 2022.
             Succumbed to an orc warrior zombie's poison
             ... on level 4 of the Dungeon.
             The game lasted 00:06:57 (3581 turns).

quokkamancerX the Cleaver (Hill Orc Fighter)        Turns: 3581, Time: 00:06:57

Health: -1/51      AC:  6    Str: 21    XL:     6   Next: 43%
Magic:  0/6        EV:  9    Int:  8    God:
Gold:   93         SH:  4    Dex: 10    Spells: 5/5 levels left

rFire   . . .      SeeInvis .   a - +0 war axe
rCold   . . .      Faith    .   c - +0 buckler
rNeg    + . .      Spirit   +   b - +0 scale mail
rPois   .          Reflect  .   (no helmet)
rElec   .          Harm     .   (no cloak)
rCorr   .          Rampage  .   (no gloves)
Will    .....                   (no boots)
Stlth   ..........              m - amulet of guardian spirit
HPRegen 0.17/turn               q - ring of positive energy
MPRegen 0.10/turn               (no ring)

@: lethally poisoned (-1 -> -42)
A: no striking features
a: no special abilities


You were on level 4 of the Dungeon.
You visited 1 branch of the dungeon, and saw 4 of its levels.

You collected 93 gold pieces.

Inventory:

Hand Weapons
 a - a +0 war axe (weapon)
Missiles
 f - 4 poisoned darts (quivered)
Armour
 b - a +0 scale mail (worn)
 c - a +0 buckler (worn)
Jewellery
 m - an amulet of guardian spirit (around neck)
 q - a ring of positive energy (left hand)
 s - a ring of positive energy
Scrolls
 e - a scroll of enchant weapon {unknown}
 g - 2 scrolls of teleportation
 i - 4 scrolls of identify
 j - a scroll of silence {unknown}
 k - a scroll of immolation {unknown}
 p - a scroll of magic mapping {unknown}
Potions
 d - 2 potions of might
 h - a potion of curing {unknown}
 l - a potion of heal wounds
 n - a potion of ambrosia {unknown}
 o - 2 potions of haste
 r - a potion of resistance


   Skills:
 - Level 3.6 Fighting
 + Level 8.7 Axes
 - Level 3.2 Armour
 - Level 3.2 Shields


You had 5 spell levels left.
You didn't know any spells.
Your spell library contained the following spells:

 Spells                   Type           Power      Damage    Failure   Level
 Magic Dart               Conj           0%         1d3       83%         1
 Slow                     Hex            0%         N/A       83%         1
 Call Imp                 Summ           0%         N/A       93%         2
 Confusing Touch          Hex            0%         N/A       99%         3
 Mephitic Cloud           Conj/Pois/Air  0%         N/A       99%         3
 Vampiric Draining        Necr           0%         2d6       99%         3
 Animate Dead             Necr           0%         N/A       100%        4
 Haunt                    Necr/Summ      0%         N/A       100%        7
 Infestation              Necr           0%         N/A       100%        8


Dungeon Overview and Level Annotations

Branches:
Dungeon (4/15)
 Temple: D:4-7

Altars:

Annotations:
D:4 1 transporter


Message History

You slash the orc warrior zombie!
The orc warrior zombie is heavily damaged.
The orc warrior zombie barely misses you.
You hit the orc warrior zombie.
The orc warrior zombie is heavily damaged.
You block the orc warrior zombie's attack.
You barely miss the orc warrior zombie.
The orc warrior zombie is heavily damaged.
The gnoll sergeant zombie completely misses you.
The orc warrior zombie hits you with a +0 long sword of venom!
You closely miss the orc warrior zombie.
The orc warrior zombie is heavily damaged.
The gnoll sergeant zombie hits you from afar with a +0 spear of venom.
The orc warrior zombie hits you with a +0 long sword of venom.
You are poisoned.
You completely miss the orc warrior zombie.
The orc warrior zombie is heavily damaged.
You feel very sick.
The gnoll sergeant zombie hits you from afar with a +0 spear of venom.
You are more poisoned.
You closely miss the orc warrior zombie.
The orc warrior zombie is heavily damaged.
You feel very sick.
The orc warrior zombie hits you with a +0 long sword of venom!
You are lethally poisoned!
The gnoll sergeant zombie misses you.
You feel much better.
You feel very sick.
The orc warrior zombie barely misses you.
The gnoll sergeant zombie hits you from afar with a +0 spear of venom!
You are lethally poisoned!
You slash the orc warrior zombie!
The orc warrior zombie is almost destroyed.
You feel extremely sick.
The orc warrior zombie hits you with a +0 long sword of venom!
* * * LOW HITPOINT WARNING * * *
You are more poisoned.
You closely miss the orc warrior zombie.
The orc warrior zombie is almost destroyed.
You die...

#......# ###### #......#
#....# #......# +....#
####### ###..### #..†.##
#☼○°°.######## #..# ####..#
#☼°☼○°#○°○○°°####..###
##.###○○°°°#°.°°○.#..#....#
#...#($.°☼Z.#.#°○#..#.##.#.#
#..©#©?.○°°Z@.©°☼#©........#
#...#)$.☼○○.#.#°°#.....#.###
#...#☼°°°☼#°.○°°.#<....# #
###.#°°°☼°#°°○☼☼○####.##.#
#.#○○○○.######## ##....#
#.#######......###..####
#.........####>.##..#
########### ##.##..##(#
#..#.....##


You could see a gnoll sergeant zombie and an orc warrior zombie.

Vanquished Creatures
  A sky beast (D:3)
  An orc priest (D:3)
  Natasha (thrice) (D:2)
  2 adders
  4 worms (D:3)
  3 dart slugs
  4 orcs
  4 ball pythons
  3 bats (D:1)
  5 endoplasms
  2 giant cockroaches (D:1)
  8 goblins
  9 hobgoblins
  9 kobolds
  4 quokkas
  5 frilled lizards
  9 rats
76 creatures vanquished.

Notes
Turn   | Place    | Note
-------+----------+-------------------------------------------
     0 | D:1      | quokkamancerX the Hill Orc Fighter began the quest for the
                  | Orb.
     0 | D:1      | Reached XP level 1. HP: 19/19 MP: 1/1
    15 | D:1      | Reached skill level 3 in Axes
   215 | D:1      | Reached XP level 2. HP: 26/26 MP: 2/2
   372 | D:1      | Reached skill level 4 in Axes
   551 | D:1      | Reached XP level 3. HP: 31/31 MP: 3/3
   895 | D:1      | Reached skill level 5 in Axes
  1212 | D:2      | Noticed Natasha
  1219 | D:2      | Killed Natasha
  1220 | D:2      | Reached XP level 4. HP: 34/39 MP: 4/4
  1598 | D:2      | Reached skill level 6 in Axes
  1775 | D:2      | Noticed Natasha
  1793 | D:2      | Killed Natasha
  1794 | D:2      | Reached XP level 5. HP: 20/45 MP: 5/5
  2031 | D:2      | Noticed Natasha
  2048 | D:2      | Killed Natasha
  2049 | D:2      | Reached skill level 7 in Axes
  2659 | D:3      | Noticed a sky beast
  2666 | D:3      | Killed a sky beast
  2667 | D:3      | Reached skill level 8 in Axes
  2667 | D:3      | Reached XP level 6. HP: 42/51 MP: 6/6
  3018 | D:3      | Found a faded altar of an unknown god.
  3465 | D:4      | Found a transporter.
  3494 | D:4      | Found a transporter.
  3581 | D:4      | Succumbed to an orc warrior zombie's poison

Illustrated notes

Levels and vault maps discovered:
D:1:      ncdulo_watergridlock, layout_basic, item_on_display_a
D:2:      layout_loops_ring, chequers_serial_rivers_micro_d, uniq_natasha
D:3:      layout_loops_ring, hellmonk_ecumenical_altar_inner_sanctum,
          grunt_ministairs_15
D:4:      gammafunk_cloud_chamber, layout_basic

Skill      XL: |  1  2  3  4  5 |
---------------+----------------+-----
Axes           | 3 4 5 6 8 |  8.7
Fighting       | |  3.6
Armour         | |  3.2
Shields        | |  3.2

Action                   |  1- 3 |  4- 6 || total
-------------------------+-------+-------++-------
Melee: War axe           |   111 |   165 ||   276
  Use: Scroll            |       |     3 ||     3
       Potion            |       |     1 ||     1
Armor: Scale mail        |    44 |    64 ||   108
Dodge: Dodged            |    53 |    70 ||   123
Block: Buckler           |    25 |    18 ||    43
